AoeStats
← 今夜浓愁未到乡

Arena

508650185Analyzed
4v4 RM · 8d ago on Sep 23, 2026· 51m 10s· 8 players
Game mode
Random Map
Map size
Large (8 player)
Population
200
Speed
Normal
Resources
Standard
Victory
Conquest
Starting age
Dark Age
Ending age
Imperial Age
RankedLock teamsTeams togetherTeam positionsShared explorationLock speedFull tech treeHidden civsTurbo modeCheats
Victory
Defeat
🇦🇷 Lithuanians · Argentina
1426
+13
🇨🇳 Franks · China
1416
+13
🇨🇦 Chinese · Canada
1337
+17
🇦🇷 Khmer · Argentina
1284
+19
1370
-16
1363
-16
🇨🇳 Khmer · China
1360
-16
1322
-14
今夜浓愁未到乡
10:53 Feudal Age
14:01 Castle Age
11:51 Double-Bit Axe
11:54 Horse Collar
15:16 Bow Saw
18:55 Wheelbarrow
19:01 Wheelbarrow
21:22 Heavy Plow
21:50 Gold Mining
22:01 Town Watch
23:17 Gold Shaft Mining
22:48 Loom
24:18 Forging
27:28 Imperial Age
24:57 Stone Mining
25:25 Scale Barding Armor
26:29 Iron Casting
26:41 Chain Barding Armor
27:53 Husbandry
27:53 Elite Battle Elephant
29:40 Plate Barding Armor
30:06 Blast Furnace
31:17 Blast Furnace
31:45 Tusk Swords
31:08 Capped Ram
31:47 Fletching
33:28 Siege Engineers
33:22 Light Cavalry
34:12 Bloodlines
34:31 Heavy Scorpion
36:21 Stone Shaft Mining
36:04 Bodkin Arrow
36:32 Ballistics
37:12 Chemistry
41:32 Siege Ram
43:39 Caravan
46:17 Hussar
50:27 Crop Rotation
开局不死农就算成功
9:54 Loom
11:43 Feudal Age
12:43 Double-Bit Axe
15:43 Castle Age
13:32 Horse Collar
16:36 Bow Saw
16:27 Heavy Plow
19:53 Wheelbarrow
19:55 Loom
20:44 Gold Mining
23:14 Gold Shaft Mining
24:55 Hand Cart
26:00 Town Watch
26:31 Scale Barding Armor
26:47 Forging
27:38 Chain Barding Armor
30:57 Imperial Age
29:32 Masonry
30:25 Iron Casting
31:01 Bloodlines
30:51 Husbandry
32:20 Plate Barding Armor
32:51 Blast Furnace
31:15 Elite Steppe Lancer
34:09 Arson
34:25 Squires
35:58 Elite Fire Lancer
37:25 Scale Mail Armor
37:13 Gambesons
38:09 Light Cavalry
39:17 Conscription
39:09 Thunderclap Bombs
38:57 Heavy Rocket Cart
40:23 Pikeman
41:47 Siege Engineers
42:43 Chemistry
41:15 Halberdier
44:36 Chain Mail Armor
49:36 Fortified Wall
49:17 Guard Tower
49:15 Arrowslits
根本就没有这样的民族
10:05 Feudal Age
10:51 Double-Bit Axe
13:46 Castle Age
11:51 Horse Collar
14:48 Bow Saw
16:09 Wheelbarrow
16:47 Loom
20:30 Gold Mining
22:02 Pikeman
23:10 Squires
23:31 Scale Mail Armor
23:45 Forging
25:27 Iron Casting
27:18 Scale Mail Armor
28:27 Fletching
34:14 Imperial Age
32:27 Hand Cart
33:05 Chain Mail Armor
33:39 Stone Mining
34:49 Gothikon
34:59 Elite Varangian Guard
36:36 Heavy Plow
37:58 Conscription
38:27 Plate Mail Armor
39:43 Blast Furnace
38:36 Halberdier
39:56 Town Watch
40:43 Bodkin Arrow
41:29 Bracer
45:16 Arson
46:05 Capped Ram
48:18 Two-Man Saw
47:49 Crop Rotation
49:08 Coinage
48:58 Padded Archer Armor
49:39 Masonry
49:34 Siege Engineers
49:52 Ballistics
50:32 Chemistry
抗渗凯波拉,蒸得夹得
11:18 Feudal Age
12:17 Loom
12:27 Double-Bit Axe
15:25 Castle Age
31:08 Town Watch
32:02 Gold Mining
35:16 Wheelbarrow
38:01 Hand Cart
41:07 Imperial Age
39:35 Scale Barding Armor
39:41 Forging
40:34 Gold Shaft Mining
40:14 Fortified Wall
40:44 Chain Barding Armor
40:26 Husbandry
41:12 Cavalier
43:52 Paladin
46:01 Bow Saw
45:18 Paladin
49:34 Plate Barding Armor
超神猪与猫
0:27 Loom
10:42 Feudal Age
14:20 Castle Age
12:43 Double-Bit Axe
13:08 Horse Collar
16:02 Wheelbarrow
21:47 Gold Mining
22:13 Forging
24:31 Scale Barding Armor
26:56 Iron Casting
27:48 Chain Barding Armor
27:51 Bloodlines
32:02 Hand Cart
35:37 Imperial Age
33:44 Fletching
33:54 Padded Archer Armor
34:30 Ballistics
34:45 Bow Saw
35:08 Bodkin Arrow
35:28 Leather Archer Armor
36:00 Crossbowman
37:42 Chemistry
37:15 Bracer
37:46 Ring Archer Armor
37:35 Thumb Ring
38:37 Conscription
40:05 Two-Man Saw
39:28 Heavy Plow
39:14 Elite Chu Ko Nu
39:29 Light Cavalry
41:33 Gold Shaft Mining
41:56 Husbandry
43:27 Stone Mining
48:15 Plate Barding Armor
48:40 Blast Furnace
50:10 Stone Shaft Mining
虾米
11:00 Feudal Age
15:09 Castle Age
13:04 Double-Bit Axe
13:40 Horse Collar
16:12 Loom
19:17 Bow Saw
21:01 Scale Barding Armor
22:14 Forging
28:09 Chain Barding Armor
33:38 Wheelbarrow
33:38 Bow Saw
37:37 Imperial Age
37:21 Heavy Plow
39:02 Iron Casting
38:28 Scale Mail Armor
40:16 Elite Leitis
43:47 Gold Mining
45:31 Plate Barding Armor
45:51 Hand Cart
47:40 Conscription
297539664
9:37 Feudal Age
11:59 Wheelbarrow
13:46 Castle Age
11:51 Double-Bit Axe
14:45 Bow Saw
19:30 Wheelbarrow
23:10 Scale Barding Armor
23:47 Forging
23:50 Gold Mining
25:20 Gold Shaft Mining
25:52 Chain Barding Armor
25:55 Husbandry
26:32 Iron Casting
31:28 Imperial Age
30:28 Hand Cart
32:09 Chivalry
31:31 Cavalier
32:47 Plate Barding Armor
33:13 Blast Furnace
33:01 Paladin
34:19 Pikeman
35:00 Squires
34:45 Arson
35:02 Scale Mail Armor
37:28 Chain Mail Armor
36:34 Halberdier
40:46 Plate Mail Armor
43:27 Caravan
虾米最小的最色
11:12 Feudal Age
14:13 Castle Age
12:11 Horse Collar
12:23 Double-Bit Axe
19:49 Wheelbarrow
22:17 Gold Mining
26:59 Imperial Age
24:27 Loom
26:22 Gold Shaft Mining
26:47 Husbandry
26:58 Bloodlines
26:57 Scale Barding Armor
27:22 Bow Saw
28:02 Forging
28:00 Heavy Plow
29:34 Chain Barding Armor
29:50 Iron Casting
32:30 Plate Barding Armor
32:22 Elite Battle Elephant
34:31 Blast Furnace
34:35 Hand Cart
34:14 Stone Mining
35:45 Tusk Swords
39:18 Conscription
41:57 Light Cavalry
44:48 Hussar
49:51 Stone Shaft Mining
49:43 Elite Ballista Elephant
50:41 Padded Archer Armor
Connection lost

Rejoining the realm…

Still unreachable

The connection could not be restored.

Session expired

The server has moved on; the page needs a fresh start.